2839 views
Uploaded 2020-01-28 22:39:42
Game version 1.32 / 1.32.1
13:43 long 2on2 ladder game on (4)CentaurGrove
Saved by BEARAND
2839 views
Uploaded 2020-01-28 22:39:42
Game version 1.32 / 1.32.1
13:43 long 2on2 ladder game on (4)CentaurGrove


61 units @ 7k
/ 0.9k
25 buildings @ 4.2k
/ 1.6k


| Periapt of Vitality | 1 | 325 |
| Circlet of Nobility | 1 | 175 |
| total: | 2 | 500g |
| Wisp | 15 | 900 | / | 0 |
| Archer | 5 | 650 | / | 50 |
| Huntress | 1 | 195 | / | 20 |
| Dryad | 3 | 435 | / | 180 |
| Druid of the Claw | 5 | 1275 | / | 400 |
| total: | 29 | 3455g | / | 650w |
| Altar of Elders | 1 | 180 | / | 50 |
| Ancient of War | 1 | 150 | / | 60 |
| Moon Well | 6 | 1080 | / | 240 |
| Hunter's Hall | 1 | 210 | / | 100 |
| Ancient of Wonders | 1 | 90 | / | 30 |
| Tree of Life | 1 | 340 | / | 185 |
| Ancient of Lore | 1 | 155 | / | 145 |
| Tree of Ages | 1 | 320 | / | 180 |
| Tree of Eternity | 1 | 330 | / | 200 |
| total: | 12 | 2205g | / | 810w |
| 0:06 | Altar of Elders |
| 0:08 | Wisp |
| 0:09 | Wisp |
| 0:09 | Wisp |
| 0:12 | Wisp |
| 0:27 | Ancient of War |
| 0:44 | Wisp |
| 0:45 | Wisp |
| 1:08 | Moon Well |
| 1:33 | Moon Well |
| 2:03 | Moon Well |
| 2:08 | Archer |
| 2:08 | Archer |
| 3:03 | Fan of Knives |
| 3:11 | Archer |
| 3:11 | Archer |
| 3:11 | Archer |
| 3:51 | Tree of Ages |
| 4:51 | Shadow Strike |
| 5:09 | Hunter's Hall |
| 6:29 | Strength of the Wild |
| 6:39 | Huntress |
| 6:47 | Ancient of Lore |
| 7:10 | Ancient of Wonders |
| 7:39 | Immolation |
| 7:45 | Improved Strength of the Wild |
| 7:53 | Wisp |
| 7:53 | Wisp |
| 7:53 | Wisp |
| 7:53 | Wisp |
| 7:54 | Wisp |
| 7:54 | Wisp |
| 9:03 | Druid of the Claw Adept Training |
| 9:36 | Dryad |
| 9:36 | Druid of the Claw |
| 9:37 | Dryad |
| 9:37 | Druid of the Claw |
| 9:38 | Dryad |
| 9:43 | Wisp |
| 9:44 | Wisp |
| 9:44 | Wisp |
| 10:08 | Ultravision |
| 10:25 | Tree of Life |
| 11:06 | Tree of Eternity |
| 11:19 | Moon Well |
| 11:23 | Moon Well |
| 11:26 | Moon Well |
| 11:56 | Druid of the Claw |
| 11:56 | Druid of the Claw |
| 11:57 | Druid of the Claw |
| 12:41 | Periapt of Vitality |
| 12:42 | Circlet of Nobility |
| Right click | 291 |
| Select | 147 |
| Build/train/purchase | 45 |
| Select group | 16 |
| Minimap ping | 13 |
| Use ability | 11 |
| Assign group | 7 |
| Esc | 5 |

| Wisp | 14 | 840 | / | 0 |
| Archer | 13 | 1690 | / | 130 |
| Huntress | 5 | 975 | / | 100 |
| total: | 32 | 3505g | / | 230w |
| Ancient Protector | 6 | 810 | / | 480 |
| Moon Well | 3 | 540 | / | 120 |
| Ancient of War | 1 | 150 | / | 60 |
| Altar of Elders | 1 | 180 | / | 50 |
| Ancient of Wonders | 1 | 90 | / | 30 |
| Hunter's Hall | 1 | 210 | / | 100 |
| Tree of Ages | 1 | 320 | / | 180 |
| total: | 13 | 1980g | / | 840w |
| 0:06 | Wisp |
| 0:09 | Moon Well |
| 0:12 | Ancient of War |
| 0:26 | Altar of Elders |
| 0:44 | Wisp |
| 1:14 | Archer |
| 1:56 | Archer |
| 2:01 | Archer |
| 2:03 | Wisp |
| 2:03 | Wisp |
| 2:34 | Moon Well |
| 2:46 | Immolation |
| 3:08 | Wisp |
| 3:27 | Ancient of Wonders |
| 3:33 | Hunter's Hall |
| 3:38 | Archer |
| 4:20 | Evasion |
| 4:41 | Ancient Protector |
| 4:53 | Wisp |
| 4:53 | Wisp |
| 4:55 | Wisp |
| 4:59 | Moon Well |
| 5:13 | Ultravision |
| 5:43 | Ancient Protector |
| 5:48 | Ancient Protector |
| 5:51 | Huntress |
| 5:51 | Huntress |
| 5:54 | Huntress |
| 6:50 | Wisp |
| 6:50 | Wisp |
| 6:50 | Wisp |
| 6:51 | Wisp |
| 7:20 | Ancient Protector |
| 8:10 | Archer |
| 8:10 | Archer |
| 8:10 | Archer |
| 8:11 | Archer |
| 8:12 | Huntress |
| 8:30 | Strength of the Moon |
| 8:52 | Archer |
| 9:28 | Archer |
| 9:39 | Ancient Protector |
| 9:42 | Ancient Protector |
| 9:51 | Moon Armor |
| 10:07 | Wisp |
| 10:07 | Wisp |
| 10:27 | Archer |
| 11:33 | Tree of Ages |
| 11:46 | Huntress |
| 11:47 | Archer |
| 12:17 | Archer |
| Right click | 253 |
| Select | 145 |
| Build/train/purchase | 48 |
| Select group | 15 |
| Chat | 15 |
| Misc. action | 9 |
| Assign group | 7 |
| Use ability | 1 |
42 units @ 3.5k
/ 0.1k
101 buildings @ 6k
/ 3.1k


| Potion of Healing | 2 | 300 |
| Scroll of Regeneration | 1 | 100 |
| Staff of Sanctuary | 1 | 250 |
| Staff of Teleportation | 2 | 300 |
| Boots of Speed | 2 | 500 |
| total: | 8 | 1450g |
| Peasant | 20 | 1500 | / | 0 |
| Priest | 3 | 405 | / | 30 |
| Sorceress | 2 | 310 | / | 40 |
| total: | 25 | 2215g | / | 70w |
| Scout Tower | 55 | 1650 | / | 1100 |
| Arcane Tower | 4 | 280 | / | 200 |
| Guard Tower | 26 | 1820 | / | 1300 |
| Altar of Kings | 1 | 180 | / | 50 |
| Farm | 4 | 320 | / | 80 |
| Lumber Mill | 1 | 120 | / | 0 |
| Town Hall | 2 | 770 | / | 410 |
| Arcane Vault | 2 | 260 | / | 60 |
| Arcane Sanctum | 1 | 150 | / | 140 |
| Keep | 1 | 320 | / | 210 |
| Castle | 1 | 360 | / | 210 |
| total: | 66 | 3450g | / | 1840w |
| 0:01 | Peasant |
| 0:01 | Peasant |
| 0:06 | Altar of Kings |
| 0:18 | Farm |
| 0:21 | Peasant |
| 0:31 | Scout Tower |
| 0:32 | Farm |
| 0:38 | Peasant |
| 0:52 | Peasant |
| 1:04 | Lumber Mill |
| 1:06 | Peasant |
| 1:12 | Peasant |
| 1:18 | Peasant |
| 1:21 | Scout Tower |
| 1:33 | Arcane Tower |
| 1:48 | Peasant |
| 2:07 | Blizzard |
| 2:12 | Guard Tower |
| 2:13 | Scout Tower |
| 2:13 | Peasant |
| 2:14 | Peasant |
| 2:36 | Peasant |
| 2:43 | Guard Tower |
| 2:44 | Scout Tower |
| 2:45 | Scout Tower |
| 2:45 | Peasant |
| 2:45 | Peasant |
| 2:45 | Peasant |
| 3:49 | Keep |
| 3:49 | Guard Tower |
| 3:52 | Scout Tower |
| 3:57 | Brilliance Aura |
| 3:58 | Brilliance Aura |
| 4:03 | Staff of Teleportation |
| 4:03 | Boots of Speed |
| 4:15 | Farm |
| 4:15 | Farm |
| 4:28 | Improved Masonry |
| 4:41 | Guard Tower |
| 4:42 | Scout Tower |
| 4:43 | Scout Tower |
| 4:43 | Scout Tower |
| 4:44 | Scout Tower |
| 4:44 | Scout Tower |
| 4:45 | Scout Tower |
| 5:29 | Town Hall |
| 5:36 | Scout Tower |
| 5:37 | Scout Tower |
| 5:37 | Scout Tower |
| 5:37 | Scout Tower |
| 5:38 | Scout Tower |
| 5:38 | Scout Tower |
| 5:39 | Scout Tower |
| 5:39 | Scout Tower |
| 5:39 | Scout Tower |
| 5:40 | Scout Tower |
| 6:03 | Scout Tower |
| 6:04 | Scout Tower |
| 6:05 | Scout Tower |
| 6:05 | Scout Tower |
| 6:12 | Guard Tower |
| 6:14 | Scout Tower |
| 6:15 | Scout Tower |
| 6:15 | Scout Tower |
| 6:15 | Scout Tower |
| 6:25 | Blizzard |
| 6:25 | Blizzard |
| 6:32 | Guard Tower |
| 6:34 | Scout Tower |
| 6:35 | Scout Tower |
| 6:35 | Scout Tower |
| 6:36 | Scout Tower |
| 6:36 | Scout Tower |
| 6:58 | Guard Tower |
| 7:05 | Guard Tower |
| 7:21 | Peasant |
| 7:21 | Peasant |
| 7:21 | Peasant |
| 7:30 | Guard Tower |
| 7:52 | Guard Tower |
| 7:53 | Guard Tower |
| 7:53 | Guard Tower |
| 7:54 | Guard Tower |
| 7:55 | Storm Bolt |
| 8:04 | Potion of Healing |
| 8:09 | Guard Tower |
| 8:10 | Guard Tower |
| 8:12 | Peasant |
| 8:12 | Peasant |
| 8:20 | Scout Tower |
| 8:21 | Scout Tower |
| 8:59 | Arcane Vault |
| 9:02 | Arcane Sanctum |
| 9:03 | Advanced Masonry |
| 9:03 | Improved Lumber Harvesting |
| 9:29 | Boots of Speed |
| 9:31 | Staff of Teleportation |
| 9:37 | Arcane Vault |
| 10:00 | Castle |
| 10:06 | Potion of Healing |
| 10:18 | Guard Tower |
| 10:18 | Guard Tower |
| 10:21 | Scout Tower |
| 10:21 | Scout Tower |
| 10:22 | Scout Tower |
| 10:23 | Scout Tower |
| 10:25 | Magic Sentry |
| 10:26 | Priest |
| 11:05 | Bash |
| 11:17 | Scout Tower |
| 11:20 | Scout Tower |
| 11:20 | Scout Tower |
| 11:21 | Scout Tower |
| 11:21 | Scout Tower |
| 11:22 | Scout Tower |
| 11:22 | Scout Tower |
| 11:28 | Arcane Tower |
| 11:40 | Arcane Tower |
| 11:41 | Priest Adept Training |
| 11:42 | Sorceress Adept Training |
| 11:42 | Sorceress |
| 11:52 | Scroll of Regeneration |
| 12:02 | Priest |
| 12:05 | Priest |
| 12:06 | Priest Master Training |
| 12:06 | Sorceress Master Training |
| 12:06 | Sorceress |
| 12:13 | Guard Tower |
| 12:13 | Arcane Tower |
| 12:21 | Guard Tower |
| 12:35 | Town Hall |
| 12:38 | Scout Tower |
| 12:38 | Scout Tower |
| 12:39 | Scout Tower |
| 12:39 | Scout Tower |
| 12:39 | Scout Tower |
| 12:40 | Scout Tower |
| 12:40 | Scout Tower |
| 13:05 | Brilliance Aura |
| 13:19 | Staff of Sanctuary |
| Right click | 903 |
| Select | 328 |
| Select group | 180 |
| Build/train/purchase | 135 |
| Chat | 49 |
| Use ability | 27 |
| Misc. action | 25 |
| Resource trade | 14 |
| Assign group | 11 |
| Minimap ping | 7 |
| Remove unit | 4 |
| Item give/drop | 3 |



| Scroll of Regeneration | 1 | 100 |
| Staff of Sanctuary | 3 | 750 |
| Orb of Fire | 1 | 325 |
| Circlet of Nobility | 2 | 350 |
| Boots of Speed | 3 | 750 |
| Staff of Teleportation | 2 | 300 |
| Periapt of Vitality | 1 | 325 |
| total: | 13 | 2900g |
| Peasant | 16 | 1200 | / | 0 |
| Priest | 1 | 135 | / | 10 |
| total: | 17 | 1335g | / | 10w |
| Scout Tower | 22 | 660 | / | 440 |
| Arcane Tower | 4 | 280 | / | 200 |
| Guard Tower | 12 | 840 | / | 600 |
| Altar of Kings | 1 | 180 | / | 50 |
| Farm | 4 | 320 | / | 80 |
| Lumber Mill | 1 | 120 | / | 0 |
| Arcane Vault | 2 | 260 | / | 60 |
| Town Hall | 1 | 385 | / | 205 |
| Blacksmith | 1 | 140 | / | 60 |
| Barracks | 1 | 160 | / | 60 |
| Gryphon Aviary | 1 | 140 | / | 150 |
| Arcane Sanctum | 1 | 150 | / | 140 |
| Keep | 1 | 320 | / | 210 |
| Castle | 1 | 360 | / | 210 |
| total: | 35 | 2515g | / | 1245w |
| 0:03 | Peasant |
| 0:03 | Peasant |
| 0:06 | Altar of Kings |
| 0:10 | Farm |
| 0:28 | Peasant |
| 0:36 | Peasant |
| 0:50 | Scout Tower |
| 1:00 | Farm |
| 1:01 | Peasant |
| 1:01 | Peasant |
| 1:14 | Lumber Mill |
| 1:17 | Arcane Tower |
| 1:18 | Peasant |
| 1:28 | Scout Tower |
| 1:29 | Peasant |
| 1:34 | Peasant |
| 1:44 | Peasant |
| 1:55 | Farm |
| 2:07 | Blizzard |
| 2:11 | Peasant |
| 2:11 | Peasant |
| 2:21 | Scout Tower |
| 2:26 | Arcane Tower |
| 2:27 | Scout Tower |
| 2:28 | Peasant |
| 2:28 | Peasant |
| 2:44 | Peasant |
| 2:51 | Guard Tower |
| 3:21 | Brilliance Aura |
| 3:25 | Circlet of Nobility |
| 3:27 | Guard Tower |
| 3:31 | Scout Tower |
| 3:40 | Boots of Speed |
| 3:41 | Staff of Teleportation |
| 3:49 | Scout Tower |
| 4:06 | Keep |
| 4:09 | Guard Tower |
| 4:26 | Guard Tower |
| 4:29 | Improved Masonry |
| 4:57 | Scout Tower |
| 4:59 | Scout Tower |
| 5:54 | Farm |
| 6:29 | Blizzard |
| 6:36 | Guard Tower |
| 6:37 | Scout Tower |
| 6:39 | Scout Tower |
| 6:41 | Scout Tower |
| 6:43 | Castle |
| 6:47 | Gryphon Aviary |
| 6:50 | Arcane Vault |
| 6:53 | Arcane Sanctum |
| 7:17 | Guard Tower |
| 7:19 | Advanced Masonry |
| 7:42 | Storm Bolt |
| 8:10 | Guard Tower |
| 8:13 | Magic Sentry |
| 8:57 | Town Hall |
| 8:59 | Scout Tower |
| 9:00 | Scout Tower |
| 9:00 | Scout Tower |
| 9:01 | Scout Tower |
| 9:05 | Scout Tower |
| 9:06 | Scout Tower |
| 9:07 | Scout Tower |
| 9:07 | Scout Tower |
| 9:08 | Scout Tower |
| 9:16 | Arcane Vault |
| 9:30 | Guard Tower |
| 9:34 | Guard Tower |
| 9:42 | Scout Tower |
| 9:43 | Scout Tower |
| 10:01 | Arcane Tower |
| 10:07 | Scroll of Regeneration |
| 10:09 | Staff of Sanctuary |
| 10:22 | Peasant |
| 10:25 | Holy Light |
| 10:38 | Boots of Speed |
| 10:46 | Arcane Tower |
| 10:48 | Guard Tower |
| 10:52 | Improved Lumber Harvesting |
| 11:11 | Bash |
| 11:31 | Blacksmith |
| 11:33 | Barracks |
| 11:45 | Staff of Teleportation |
| 11:48 | Boots of Speed |
| 11:50 | Circlet of Nobility |
| 11:51 | Periapt of Vitality |
| 12:07 | Advanced Lumber Harvesting |
| 12:12 | Priest |
| 12:14 | Priest Adept Training |
| 12:26 | Staff of Sanctuary |
| 12:29 | Guard Tower |
| 12:43 | Staff of Sanctuary |
| 12:45 | Orb of Fire |
| 13:01 | Imbued Masonry |
| Right click | 620 |
| Select group | 497 |
| Select | 131 |
| Build/train/purchase | 89 |
| Misc. action | 44 |
| Use ability | 41 |
| Assign group | 15 |
| Chat | 15 |
| Item give/drop | 11 |
| Minimap ping | 5 |